 Dungeon Crawl Stone Soup version 0.17.1-1-g73c8601 (webtiles) character file.

633 Mysteryquy the Basher (level 7, -1/41 HPs)
             Began as a Gargoyle Fighter on Jan 5, 2016.
             Was a Follower of Okawaru.
             Killed from afar by Blork the orc (6 damage)
             ... with a puff of flame
             ... on level 5 of the Dungeon.
             The game lasted 00:06:02 (3417 turns).

Mysteryquy the Basher (Gargoyle Fighter)            Turns: 3417, Time: 00:06:02

Health: -1/41      AC: 16    Str: 26    XL:     7   Next: 49%
Magic:  7/7        EV:  7    Int:  9    God:    Okawaru [*.....]
Gold:   181        SH:  9    Dex:  9    Spells: 0 memorised, 6 levels left

rFire  . . .     SeeInvis .     y - +0 flail (protect)
rCold  . . .     Clarity  .     b - +0 scale mail
rNeg   + . .     SustAt   .     c - +0 shield
rPois  ∞         Gourm    .     i - +0 hat
rElec  +         Spirit   .     (no cloak)
rCorr  .         Warding  .     (no gloves)
rMut   .         Stasis   .     (no boots)
MR     .....                    (no amulet)
Stlth  ..........               (no ring)
                                (no ring)

@: mighty, not resistant to hostile enchantments, extremely unstealthy
A: negative energy resistance 1, electricity resistance, unbreathing,
petrification resistance, rot immunity, AC +4
a: Heroism, Renounce Religion


You were on level 5 of the Dungeon.
You worshipped Okawaru.
Okawaru was aware of your devotion.
You were hungry.

You visited 1 branch of the dungeon, and saw 5 of its levels.

You collected 223 gold pieces.
You spent 42 gold pieces at shops.

Inventory:

Hand Weapons
 a - a +0 flail
 y - a +0 flail of protection (weapon)
Missiles
 f - 6 tomahawks of returning (quivered)
Armour
 b - a +0 scale mail (worn)
 c - a +0 shield (worn)
 i - a +0 hat (worn)
Jewellery
 j - an uncursed ring of sustain attributes {unknown}
 n - an uncursed amulet of regeneration {unknown}
 r - an uncursed ring of positive energy {unknown}
 z - an uncursed ring of poison resistance {unknown}
Wands
 u - a wand of digging (13)
Scrolls
 g - 2 scrolls of enchant armour {unknown}
 h - 2 scrolls of blinking {unknown}
 k - 2 scrolls of remove curse {unknown}
 q - a scroll of identify {unknown}
 s - a scroll of amnesia {unknown}
 v - a scroll of noise {unknown}
 x - a scroll of teleportation
 A - a scroll of enchant weapon {unknown}
Potions
 d - a potion of might
 l - 2 potions of heal wounds {unknown}
 m - 2 potions of curing {unknown}
 t - a potion of brilliance {unknown}
 B - a potion of lignification {unknown}
 C - a potion of flight {unknown}
Books
 D - a book of the Warp

   Spells                             Type                      Level
   a - Recall                         Summoning/Translocation      3
   b - Gell's Gravitas                Hexes/Translocation          3
   c - Force Lance                    Conjuration/Translocation    4
   d - Phase Shift                    Translocation                5
   e - Warp Weapon                    Charms/Translocation         5
   f - Summon Forest                  Summoning/Translocation      5
Comestibles
 e - 5 bread rations
 o - 2 beef jerkies
 p - 2 meat rations
 w - a royal jelly


   Skills:
 - Level 3.2 Fighting
 + Level 8.1 Maces & Flails
 - Level 3.2 Armour
 - Level 3.2 Shields


You had 6 spell levels left.
You didn't know any spells.

Dungeon Overview and Level Annotations

Branches:
Dungeon (5/15)
 Temple: D:4-7

Altars:
Ashenzari
Fedhas
Nemelex Xobeh
Okawaru

Shops:
D:4 *

Annotations:
D:5 Blork the orc


Innate Abilities, Weirdness & Mutations

You are resistant to torment.
Your stone body is resilient (AC +4).
You are immune to poison.
You resist negative energy.
You are resistant to electric shocks.
You can survive without breathing.
You are immune to petrification.
You are immune to rotting.


Message History

You hear some strange, mumbled words.
A puff of flame appears from out of thin air!
The puff of flame hits you!
* * * LOW HITPOINT WARNING * * *
Drink which item? (? for menu, Esc to quit)
You feel very mighty all of a sudden. Something hits you.
* * * LOW HITPOINT WARNING * * *
Your shield and scale mail prevent you from hitting something.
Something hits you but does no damage.
You closely miss something. Something hits you but does no damage.
You miss something. Something hits you but does no damage.
You barely miss something. Something hits you but does no damage.
You block its attack.
You miss something. Something hits you but does no damage.
You miss something.
You hear some strange, mumbled words.
A puff of flame appears from out of thin air!
The puff of flame hits you!
You die...

### #.. #.# #.#
#.#
####.#######
#....{@....#
#.......#####.#
.#.#....# #.# #
####.# ##.# #.#
##..#
####.###...#
.......<...#
####.###...#
##.##


There were no monsters in sight!

Vanquished Creatures
  Grinder (D:5)
  A giant frog (D:4)
  A water moccasin skeleton (D:4)
  A scorpion (D:5)
  An orc wizard (D:4)
  2 hounds (D:4)
  2 orc priests
  A worker ant (D:4)
  3 adders (D:2)
  An ooze (D:3)
  3 worms
  3 giant geckos
  9 orcs
  2 ball pythons
  4 giant cockroaches
  3 goblins
  8 hobgoblins
  A quokka (D:3)
  7 bats
  A giant gecko skeleton (D:4)
  3 giant newts
  6 kobolds
  4 rats
68 creatures vanquished.

Notes
Turn   | Place    | Note
--------------------------------------------------------------
     0 | D:1      | Mysteryquy the Gargoyle Fighter began the quest for the Orb.
     0 | D:1      | Reached XP level 1. HP: 14/14 MP: 1/1
   220 | D:1      | Reached XP level 2. HP: 19/19 MP: 2/2
   788 | D:2      | Reached XP level 3. HP: 23/23 MP: 3/3
   820 | D:2      | Found a shattered altar of Ashenzari.
   853 | D:2      | Reached skill level 4 in Maces & Flails
  1064 | D:2      | Found a blossoming altar of Fedhas.
  1335 | D:2      | Reached XP level 4. HP: 26/28 MP: 4/4
  1898 | D:3      | Reached skill level 5 in Maces & Flails
  1904 | D:3      | Reached XP level 5. HP: 28/32 MP: 5/5
  2167 | D:4      | Noticed an ogre
  2276 | D:4      | Found Tiowiz's General Store.
  2279 | D:4      | Bought a scroll of teleportation for 42 gold pieces
  2390 | D:4      | Reached skill level 6 in Maces & Flails
  2390 | D:4      | Reached XP level 6. HP: 9/37 MP: 6/6
  2912 | D:4      | Found an iron altar of Okawaru.
  2921 | D:4      | Became a worshipper of Warmaster Okawaru
  2988 | D:4      | Found a sparkling altar of Nemelex Xobeh.
  3181 | D:4      | Reached skill level 7 in Maces & Flails
  3198 | D:5      | Entered Level 5 of the Dungeon
  3198 | D:5      | Noticed Grinder
  3203 | D:5      | Paralysed by Grinder for 7 turns
  3223 | D:5      | Paralysed by Grinder for 5 turns
  3230 | D:5      | Killed Grinder
  3230 | D:5      | Reached * piety under Okawaru
  3230 | D:5      | Reached skill level 8 in Maces & Flails
  3230 | D:5      | Reached XP level 7. HP: 21/41 MP: 7/7
  3385 | D:5      | Noticed Blork the orc
  3417 | D:5      | Killed from afar by Blork the orc

Action                   |  1- 3 |  4- 6 |  7- 9 || total
-------------------------+-------+-------+-------++-------
Melee: Flail             |    89 |   206 |    28 ||   323
  Use: Scroll            |       |     1 |       ||     1
       Potion            |       |       |     1 ||     1
 Stab: Distracted        |       |     1 |       ||     1
  Eat: Chunk             |     1 |     7 |       ||     8
